[Event "82nd Italian Championship 2023"]
[Site "Brescia"]
[Date "2023.12.01"]
[Round "4.5"]
[White "Carnicelli, Valerio"]
[Black "Dvirnyy, Danyyil"]
[Result "1-0"]
[ECO "C24"]
[WhiteElo "2423"]
[BlackElo "2495"]
[Annotator "TA"]
[PlyCount "109"]
[EventDate "2023.11.28"]
[EventType "tourn"]
[EventCountry "ITA"]
[SourceTitle "playchess.com"]
[Source "ChessBase"]
[SourceQuality "1"]
[TimeControl "40/6000+30:20/3000+30:900+30"]

1. e4 e5 2. Nf3 Nc6 3. Bc4 Nf6 4. d3 d5 5. exd5 Nxd5 6. O-O Nb6 7. Bb5 {[%emt 0:00:42] C24: Bishop's Opening: 2...Nf6.} Bd6 8. Re1 (8. Nxe5 {with more complications.} Bxe5 9. Bxc6+ bxc6 10. Re1) 8... f6 9. a4 {[%emt 0:05:40] [#] White is slightly better.} a6 $146 ({Predecessor:} 9... Bd7 10. a5 Nd5 11. a6 b6 12. d4 Nde7 13. dxe5 fxe5 14. Nc3 O-O 15. Bg5 Qe8 16. Ne4 Qg6 17. Nxd6 cxd6 18. Bxe7 Rxf3 19. Qxf3 Nd4 20. Qxa8+ {1-0 Salimova,N (2372)-Kujawski,A (2201) Titled Tuesday intern op 3rd Jan blitz 2019 (2)}) 10. Bxc6+ bxc6 11. Nbd2 (11. a5 $5 Nd7 12. Na3 $14) 11... c5 12. Ne4 O-O 13. b3 Bb7 14. Ba3 Nd7 15. Rb1 a5 16. Bb2 Rf7 17. Bc3 Nb8 (17... Nb6 $11 {is superior.}) 18. Nfd2 $14 Nc6 19. Nc4 Bf8 20. Qd2 Nb4 21. f3 Ra6 22. Qf2 Qd5 23. Re2 Bc8 24. Rbe1 h6 25. Kh1 Nc6 26. Re3 Nb4 27. Qd2 Qd8 28. R3e2 Kh7 29. Kg1 Kg8 30. Kh1 Kh7 $1 31. f4 exf4 32. Qxf4 Nd5 33. Qd2 {[%emt 0:01:16] White is much more active. The black rooks are badly placed.} (33. Qf3 $16) 33... Nxc3 (33... Be7 $14) 34. Qxc3 (34. Nxc3 {simplifies} Re7 35. Rxe7 Bxe7 36. Qe2) 34... Qd4 35. Qd2 (35. Nxa5 $2 Qxc3 36. Nxc3 Rxa5 $19) 35... f5 {[%emt 0:00:54] [#]} 36. Ne5 Re7 (36... Qxe5 $2 37. Ng5+ hxg5 38. Rxe5 $18) 37. Ng3 Qh4 38. Qc3 (38. Qe3 {keeps more tension.} Re8 39. Qf3 Bd6 40. Nc4) 38... Qf6 (38... Qd4 $14 39. Qd2 Kg8) 39. Nh5 $16 (39. Qxc5 $6 f4 40. Nf1 Re8 $11) 39... Qe6 {[%emt 0:01:38] Loses the game.} (39... Qg5 $16 {was worth a try.} 40. Nf3 Qxh5 41. Rxe7 Bb7) 40. Nf4 (40. Qxc5 Qd6 41. Qc3 Qd8 $16) 40... Qd6 41. Nfg6 {[%emt 0:09:15] Prevents Qd8. Excellent horsemanship.} Re6 {[%emt 0:14:33] [#]} (41... Re8 $142 42. Nc4 {[%mdl 64] Discovered Attack, Double Attack} Qxg6) 42. Nf7 $1 $18 Rxg6 43. Nxd6 Bxd6 44. Qc4 {[%emt 0:15:41] Re8 would be deadly.} Bb7 45. Rf2 {[%emt 0:00:05] Hoping for Re8.} Ra8 {[%emt 0:01:45] Inhibits Re8.} 46. Qb5 {[%emt 0:03:39] Repels Bc6} (46. Rxf5 $2 Bxg2+ 47. Kg1 Bd5+ 48. Kf2 Bxc4 $19) 46... Rb8 47. Qxa5 Bc6 48. Qc3 {[%emt 0:04:17] Strongly threatening d4.} (48. Rxf5 $2 Bxg2+ 49. Kg1 Be4+ 50. Kf2 Bxf5 $19) 48... Rb4 49. h3 {[%emt 0:04:24] Threatens to win with a5.} (49. Rxf5 $2 Bxg2+ 50. Kg1 Be4+ $19) 49... Rg3 $2 (49... Rh4 50. Re3 (50. Rxf5 $2 Rxh3+ 51. Kg1 Rxg2+ 52. Kf1 Rh1#) 50... Rh5) 50. Re6 (50. Rxf5 $2 Bxg2+ 51. Kg1 Bxh3+ 52. Kf2 Bxf5 $19) 50... Rh4 $2 (50... Rxh3+ 51. Kg1 Rg4) 51. Kg1 (51. Rxf5 $2 Rhxh3+ 52. Kg1 Rxg2+ 53. Kf1 Rh1#) 51... f4 {[%emt 0:00:20] [#]} 52. Rxd6 $1 cxd6 53. Kh2 g5 $2 (53... Rh5 54. Qd2 (54. Rxf4 $2 {is a self mate.} Rxg2+ 55. Kh1 Rxh3#) 54... Rhg5) 54. Qf6 Bxg2 55. Qf5+ {[%emt 0:00:27] Weighted Error Value: White=0.34/Black=0.43} 1-0

[Event "82nd Italian Championship 2023"]
[Site "Brescia"]
[Date "2023.12.01"]
[Round "4.6"]
[White "Iermito, Sebastian"]
[Black "David, Alberto"]
[Result "1/2-1/2"]
[WhiteElo "2524"]
[BlackElo "2532"]
[Annotator "TA"]
[PlyCount "19"]
[EventDate "2023.11.28"]
[EventType "tourn"]
[EventCountry "ITA"]
[SourceTitle "playchess.com"]
[Source "ChessBase"]
[SourceQuality "1"]
[TimeControl "40/6000+30:20/3000+30:900+30"]

1. e4 c5 2. Nf3 e6 3. d4 cxd4 4. Nxd4 Nc6 5. Bf4 d6 {[%emt 0:01:17] The position is equal.} 6. Nxc6 {[%emt 0:00:04] B44: Sicilian: Taimanov: 5 Nb5.} bxc6 7. Bd3 Rb8 8. Nd2 e5 9. Be3 Qc7 {[%emt 0:00:39] [#]} 10. O-O $146 {[%emt 0:20:09] Not much happened in this game.   Weighted Error Value: White=0.04 (flawless) /Black=0.00 (flawless)} ({Predecessor:} 10. c4 Nf6 11. h3 Be7 12. Qc2 O-O 13. O-O Be6 14. Rfc1 h6 15. Nb1 Nd7 16. Nc3 Bg5 17. Bxg5 hxg5 18. a3 {0-1 Gracia Alvarez,G (2201)-Sandoval Mercado,C (2397) MEX-ch Mexico City 2023 (4)}) 1/2-1/2

[Event "82nd Italian Championship 2023"]
[Site "Brescia"]
[Date "2023.12.02"]
[Round "5.1"]
[White "David, Alberto"]
[Black "Santagati, Alessandro"]
[Result "1-0"]
[ECO "B50"]
[WhiteElo "2532"]
[BlackElo "2245"]
[Annotator "ChessBase"]
[PlyCount "51"]
[EventDate "2023.11.28"]
[EventType "tourn"]
[EventCountry "ITA"]
[SourceTitle "playchess.com"]
[Source "ChessBase"]
[SourceQuality "1"]
[TimeControl "40/6000+30:20/3000+30:900+30"]

1. e4 c5 2. Nf3 d6 3. c3 Nf6 4. Be2 Nc6 5. d4 cxd4 6. cxd4 d5 7. e5 Ne4 8. O-O e6 9. Be3 Be7 10. Nfd2 Nxd2 11. Nxd2 f5 12. exf6 Bxf6 13. Nf3 O-O 14. Qd2 e5 15. dxe5 Nxe5 16. Nxe5 Bxe5 17. Rad1 Be6 18. f4 Bc7 19. Bf3 d4 20. Qxd4 Qxd4 21. Rxd4 Bb6 22. Re4 Bxa2 23. Bxb6 axb6 24. Rb4 Rf6 25. Ra1 Ra5 26. Rxa2 1-0

[Event "82nd Italian Championship 2023"]
[Site "Brescia"]
[Date "2023.12.02"]
[Round "5.3"]
[White "Lodici, Lorenzo"]
[Black "Carnicelli, Valerio"]
[Result "1-0"]
[ECO "D80"]
[WhiteElo "2550"]
[BlackElo "2423"]
[Annotator "TA"]
[PlyCount "151"]
[EventDate "2023.11.28"]
[EventType "tourn"]
[EventCountry "ITA"]
[SourceTitle "playchess.com"]
[Source "ChessBase"]
[SourceQuality "1"]
[TimeControl "40/6000+30:20/3000+30:900+30"]

1. c4 Nf6 2. Nc3 g6 3. d4 d5 4. Bg5 Bg7 5. Bxf6 Bxf6 6. cxd5 {[%emt 0:00:05] D80: Grünfeld: Unusual White 4th moves and 4 Bg5.} c5 7. dxc5 Nd7 8. c6 {[%emt 0:02:31] White has an edge.} Nc5 {[%emt 0:00:13] [#]} 9. e3 $146 (9. Rc1 $5 ) ({Predecessor:} 9. Rc1 Qb6 10. Nf3 O-O 11. e3 Qxb2 12. Nd4 bxc6 13. Be2 cxd5 14. Nxd5 Bxd4 15. Nxe7+ Kg7 16. Qxd4+ Qxd4 17. exd4 Re8 18. Rxc5 {½-½ Vallejo Pons,F (2710)-Nepomniachtchi,I (2751) Moscow FIDE GP 2017 (9)}) 9... bxc6 {[%emt 0:05:52] White must now prevent ...Rb8.} 10. Bc4 (10. Rc1 $11 Qa5 11. Nf3 (11. dxc6 Bf5 $17)) 10... Rb8 (10... Qb6 $15 11. Qd2 Bb7) 11. dxc6 $11 {[%emt 0:09:03] Qxd8+ would be deadly.} Qa5 (11... Rxb2 $2 12. Qxd8+ Kxd8 13. O-O-O+ Kc7 14. Kxb2 $16) 12. c7 $1 Qxc7 13. Nge2 $1 Rxb2 14. O-O O-O 15. Qc1 Rb8 16. Nd5 Qd6 $132 {[%emt 0:09:54][%mdl 2048] Black puts up resistance} 17. Nxf6+ Qxf6 18. Nf4 (18. Qa3 $5 Ne4 19. Rad1 $11) 18... Ba6 19. Bxa6 Nxa6 20. Qa3 Rfd8 {[%emt 0:02:32] Against Nd5} 21. Rad1 Rxd1 22. Rxd1 Qd6 {[%emt 0:00:16] Inhibits Nd5.} 23. Qxd6 (23. Rxd6 $2 {leads to mate.} Rb1+) 23... exd6 {[%emt 0:02:42][%mdl 4096] Endgame KRN-KRN} 24. g4 Rb2 25. Rxd6 Rxa2 26. Nd5 h6 27. h4 Nc5 28. Nf6+ Kg7 29. g5 hxg5 30. hxg5 {[%emt 0:00:03] Rd8 would kill now.} Ne6 {[%emt 0:00:20] Prevents Rd8} 31. f4 Re2 32. Rd3 a6 ({Better is} 32... Ra2 $14) 33. Ra3 $1 $16 Nc5 34. Rc3 $1 {[%emt 0:00:13] Inhibits Rc2.} Ne6 35. Rc8 Nf8 36. Ng4 Nd7 37. Rd8 Nf8 38. Ra8 Nd7 39. Rxa6 Nc5 40. Ra7 Rb2 41. Nf6 {[%emt 0:12:52] Intending Ra8 and mate.} Ne6 (41... Rb8 $16 {was necessary.} 42. Kf2 Rh8) 42. Ra8 $2 (42. Ne8+ $1 $18 {is the precise move to win.} Kg8 43. Nd6) 42... Nxg5 43. Ne8+ $1 ({Resist} 43. fxg5 Rg2+ 44. Kf1 Rxg5 $18) 43... Kh6 44. fxg5+ Kxg5 {[%emt 0:00:03] KRN-KR} 45. Ra4 $1 Re2 {[%emt 0:15:52] [#]} 46. Re4 $1 f5 {[%emt 0:01:39] [#]} 47. Kf1 $1 Ra2 48. Rb4 Rc2 49. Rd4 Kh6 50. Nd6 Kg5 51. Rf4 ({White should try} 51. Nb5 $16) 51... Ra2 (51... Kf6 $1 $14) 52. Ke1 ({White should play} 52. Rc4 $16) 52... Rc2 (52... Kf6 $1 $11) 53. Ra4 Rh2 (53... Kh5 $16 54. Rc4 Rxc4 55. Nxc4 Kg4) 54. Nb5 Kh5 (54... Rb2 $16 {keeps fighting.}) 55. Rf4 (55. Nd4 $18) 55... Kg5 56. Nd4 {[%emt 0:00:31] Nf3+ is the strong threat.} Kf6 57. Nf3 (57. Rf2 $16 Rxf2 58. Kxf2) 57... Ra2 (57... Rh1+ $14 58. Ke2 g5) 58. Rb4 $18 Ra6 $2 (58... Kg7 59. Rb6 Ra4) 59. Rb8 Rc6 60. Nd4 Ra6 61. Kf2 Rd6 62. Kf3 Ra6 63. Rc8 Rb6 64. Rc4 (64. Rc6+ $142 Rxc6 65. Nxc6) 64... Ra6 (64... Rb1 $142 65. Rc6+ Kf7) 65. Rb4 (65. Rc6+ $142 Rxc6 66. Nxc6) 65... Ke5 66. Rb5+ Kf6 67. Rc5 {[%emt 0:00:41] Threatens to win with Rc6+.} Rb6 68. Rc6+ Rxc6 69. Nxc6 {[%emt 0:00:02] KN-KPP} g5 70. Nb4 Ke5 $1 71. Nd3+ Kd5 72. Nf2 Kc4 73. Ke2 $2 (73. Nd1 $11) 73... Kc3 $2 (73... Kd5 $11) 74. Nh3 {[%emt 0:00:57] White mates.} g4 75. Nf4 Kc4 76. Kd2 {[%emt 0:05:14] Weighted Error Value: White=0.12 (very precise) /Black=0.17 (very precise)} 1-0

[Event "82nd Italian Championship 2023"]
[Site "Brescia"]
[Date "2023.12.02"]
[Round "5.4"]
[White "Brunello, Sabino"]
[Black "Moroni, Luca Jr"]
[Result "0-1"]
[ECO "A13"]
[WhiteElo "2492"]
[BlackElo "2575"]
[Annotator "ChessBase"]
[PlyCount "42"]
[EventDate "2023.11.28"]
[EventType "tourn"]
[EventCountry "ITA"]
[SourceTitle "playchess.com"]
[Source "ChessBase"]
[SourceQuality "1"]
[TimeControl "40/6000+30:20/3000+30:900+30"]

1. c4 e6 2. g3 d5 3. Bg2 Nf6 4. Nf3 d4 5. O-O c5 6. e3 Nc6 7. exd4 cxd4 8. d3 Bd6 9. Bg5 h6 10. Bxf6 Qxf6 11. Nbd2 Bc7 12. a3 a5 13. c5 O-O 14. Rc1 e5 15. Re1 Be6 16. Qa4 Bd5 17. Qb5 a4 18. Nh4 Ba5 19. Ne4 Qe6 20. Red1 g5 21. Nf3 Bc7 0-1

[Event "82nd Italian Championship 2023"]
[Site "Brescia"]
[Date "2023.12.02"]
[Round "5.5"]
[White "Lumachi, Gabriele"]
[Black "Sonis, Francesco"]
[Result "1/2-1/2"]
[ECO "A46"]
[WhiteElo "2395"]
[BlackElo "2564"]
[Annotator "ChessBase"]
[PlyCount "118"]
[EventDate "2023.11.28"]
[EventType "tourn"]
[EventCountry "ITA"]
[SourceTitle "playchess.com"]
[Source "ChessBase"]
[SourceQuality "1"]
[TimeControl "40/6000+30:20/3000+30:900+30"]

1. d4 Nf6 2. Nf3 b6 3. Bg5 e6 4. e4 h6 5. Bxf6 Qxf6 6. Bd3 Bb7 7. O-O d6 8. Qe2 g6 9. e5 Bxf3 10. Qe3 dxe5 11. dxe5 Bc5 12. exf6 Bxe3 13. fxe3 Bb7 14. Nc3 Nd7 15. Nb5 Kd8 16. Rad1 a6 17. Nc3 c6 18. a4 Kc7 19. a5 b5 20. Ne4 Rhd8 21. b4 c5 22. Nxc5 Nxc5 23. bxc5 Rd5 24. c4 bxc4 25. Bxc4 Rxc5 26. Rc1 Kd6 27. Rfd1+ Ke5 28. Be2 Rxc1 29. Rxc1 Kxf6 30. Rb1 Ra7 31. Rb6 Ke7 32. Kf2 Bc8 33. Rc6 Kd7 34. Rb6 Kc7 35. Bf3 Kd8 36. Be2 Kd7 37. h3 Kc7 38. Bf3 Kd8 39. Be2 Kd7 40. Kg3 Kd8 41. Kf2 Kc7 42. Bf3 Bd7 43. Be2 Bb5 44. Bxb5 axb5 45. Rxb5 Ra6 46. g4 Kc6 47. Rb8 Rxa5 48. Rf8 Ra7 49. Rh8 Kd5 50. Kf3 e5 51. Rxh6 Ra1 52. Rh8 e4+ 53. Kf2 Ra2+ 54. Kg3 Re2 55. Rd8+ Ke5 56. Re8+ Kd5 57. Rd8+ Ke5 58. Re8+ Kd5 59. Rd8+ Ke5 1/2-1/2

[Event "82nd Italian Championship 2023"]
[Site "Brescia"]
[Date "2023.12.04"]
[Round "6.1"]
[White "Santagati, Alessandro"]
[Black "Gilevych, Artem"]
[Result "1-0"]
[ECO "B11"]
[WhiteElo "2245"]
[BlackElo "2416"]
[Annotator "RC"]
[PlyCount "93"]
[EventDate "2023.11.28"]
[EventType "tourn"]
[EventCountry "ITA"]
[SourceTitle "playchess.com"]
[Source "ChessBase"]
[SourceQuality "1"]
[TimeControl "40/6000+30:20/3000+30:900+30"]

1. e4 c6 2. Nc3 d5 3. Nf3 dxe4 4. Nxe4 Nf6 5. Qe2 Nxe4 6. Qxe4 Qd5 7. Qf4 Qf5 8. Qe3 Qe6 9. b3 Qxe3+ 10. fxe3 Bf5 11. Nh4 Be4 12. d3 g5 13. Bb2 Rg8 14. Nf3 Bxf3 15. gxf3 Bg7 16. d4 Nd7 17. h4 h6 18. O-O-O O-O-O 19. Bc4 e6 20. hxg5 hxg5 21. Rdg1 Nb6 22. Bd3 Nd5 23. Kd2 c5 24. c4 Nb4 25. Bh7 cxd4 26. Bxg8 dxe3+ 27. Kxe3 Bxb2 28. Rxg5 Bc3 29. Rg2 Rd3+ 30. Kf4 e5+ 31. Kg4 Rd4+ 32. Kg5 Rf4 33. Rh7 f6+ 34. Kg6 a5 35. Be6+ Kb8 36. Bf5 Na6 37. Be4 Nc5 38. Bd5 f5 39. Kg5 Bd4 40. Re2 Bc3 41. Rf7 a4 42. bxa4 Ka7 43. Rxf5 Rxf5+ 44. Kxf5 Kb6 45. Rxe5 Bxe5 46. Kxe5 Nxa4 47. Kd6 1-0

[Event "82nd Italian Championship 2023"]
[Site "Brescia"]
[Date "2023.12.04"]
[Round "6.2"]
[White "Sonis, Francesco"]
[Black "Basso, Pier Luigi"]
[Result "1/2-1/2"]
[ECO "C54"]
[WhiteElo "2564"]
[BlackElo "2483"]
[Annotator "TA"]
[PlyCount "152"]
[EventDate "2023.11.28"]
[EventType "tourn"]
[EventCountry "ITA"]
[SourceTitle "playchess.com"]
[Source "ChessBase"]
[SourceQuality "1"]
[TimeControl "40/6000+30:20/3000+30:900+30"]

1. e4 e5 2. Bc4 Nc6 3. Nf3 Bc5 4. O-O Nf6 5. d3 d6 6. c3 a5 {[%emt 0:00:08] C54: Giuoco Piano: 4 c3 Nf6, main lines with 5 d4 and 5 d3.} 7. Re1 (7. Bg5 $5 ) 7... Ba7 8. Na3 O-O 9. h3 h6 10. Nb5 Bb6 11. a4 Be6 12. Bb3 Qd7 {[%emt 0:08:46] [#]} 13. Bc2 $146 ({Predecessor:} 13. Bxe6 fxe6 14. Be3 Bxe3 15. Rxe3 Qf7 16. Rc1 Nh5 17. Rc2 Nf4 18. g3 Qh5 {½-½ Yemelin,V (2574)-Petrisor,A (2388) Arad op 8th 2015 (7)}) 13... d5 14. exd5 Bxd5 15. Be3 Bxe3 16. Rxe3 Rae8 17. Qe2 Bxf3 18. Qxf3 Nd5 19. Ree1 Re7 20. Bb3 Nf6 21. Re3 Rfe8 22. Rae1 Kh8 23. Na3 Kg8 24. Kh1 Kh8 25. Nc4 Kg8 26. Nd2 Qd6 27. R3e2 {[%emt 0:05:02] White is more active.} Kf8 28. Kg1 Kg8 29. Nc4 Qd7 30. Ne3 e4 31. dxe4 Rxe4 32. Nd5 {[%emt 0:02:34][%mdl 64] Deflection} Rxe2 33. Rxe2 Nxd5 34. Qxd5 Re7 {[%emt 0:00:23] ...Qxd5 is the strong threat.} 35. Kf1 Qe8 (35... g6 $14) 36. Rxe7 $16 Qxe7 {[%emt 0:00:01][%mdl 4096] Endgame KQB-KQN} 37. Qf5 ({White should play} 37. g3 $16) 37... b6 $11 38. Bc2 {[%emt 0:00:25] Threatening mate with Qh7+.} g6 39. Qd5 Qd6 ({Black should try} 39... Qf6 $11) 40. Qxd6 $14 cxd6 {[%emt 0:00:04] KB-KN} 41. Ke2 Nb8 42. Bd3 Nd7 43. Bc4 Nf6 44. Ke3 Ne8 45. h4 Kg7 46. f4 Nc7 47. g4 d5 (47... f5 $14) 48. Ba2 Kf6 49. Kd4 Ke6 50. c4 $1 Kd6 (50... Ke7 $18 51. cxd5 Ne8) 51. cxd5 $16 Ne8 (51... b5 $16 {was called for.}) 52. g5 $18 hxg5 53. fxg5 Nc7 $2 (53... Kd7 54. Ke5 Nd6) 54. Bc4 Ne8 55. Be2 $2 (55. Bb5 $1 $18 Ng7 56. Bd3) 55... Ng7 (55... Ke7 $16 56. Ke5 Nd6) 56. Bg4 $2 (56. Kc4 {Black must now prevent Kb5.} Ne8 57. Bd3) 56... Ne8 57. h5 gxh5 58. Bxh5 Ke7 59. Ke5 {[%emt 0:00:00][%cal Oh5f7] And now Bxf7! would win.} Nd6 60. b3 {[%emt 0:00:00] aiming for Be2.} Nb7 {[%emt 0:00:31] [#]} 61. Bxf7 $2 Kxf7 {[%emt 0:02:47] KN-KP. The position is equal.} 62. d6 Kg6 $1 63. Ke6 Kxg5 $11 {[%emt 0:00:13] KN-K3P} (63... Nc5+ 64. Ke7 Kxg5 65. d7 $18) 64. d7 Kf4 $1 {[%emt 0:01:10] Strongly threatening ...Ke4.} 65. Kd5 Kf5 66. Kc6 Nd8+ 67. Kc7 Ne6+ $1 68. Kxb6 Kf6 69. Kxa5 Ke7 70. Kb6 Kxd7 {[%emt 0:00:04] KN-KPP} 71. b4 (71. a5 $5 Kc8 $8 72. Kc6 $11) 71... Kc8 72. Ka7 Nd4 73. b5 Nb3 74. b6 {[%emt 0:01:06] Threatens to win with b7+.} Na5 75. b7+ Nxb7 76. a5 Nxa5 {[%emt 0:00:04] Blacks defense is rewarded with a draw.   Weighted Error Value: White=0.41/Black=0.15 (very precise)} 1/2-1/2

[Event "82nd Italian Championship 2023"]
[Site "Brescia"]
[Date "2023.12.04"]
[Round "6.3"]
[White "Moroni, Luca Jr"]
[Black "Lumachi, Gabriele"]
[Result "1-0"]
[ECO "A50"]
[WhiteElo "2575"]
[BlackElo "2395"]
[Annotator "TA"]
[PlyCount "103"]
[EventDate "2023.11.28"]
[EventType "tourn"]
[EventCountry "ITA"]
[SourceTitle "playchess.com"]
[Source "ChessBase"]
[SourceQuality "1"]
[TimeControl "40/6000+30:20/3000+30:900+30"]

1. Nf3 Nf6 2. g3 b6 3. Bg2 Bb7 4. c4 g6 5. O-O Bg7 6. d4 O-O 7. d5 Na6 {[%emt 0:01:00] A50: Queen's Fianchetto Defence (1 d4 Nf6 2 c4 b6).} 8. Nc3 Nc5 9. Nd4 e5 {[%emt 0:00:19] White has an edge.} 10. Nb3 d6 11. e4 Bc8 12. h3 ({White should play} 12. Nxc5 $14 bxc5 13. b3 (13. Bg5 h6 $14)) 12... Ne8 13. Be3 f5 {[%emt 0:15:08] [#]} 14. exf5 $146 ({Predecessor:} 14. Qd2 Nf6 15. Nxc5 bxc5 16. Rae1 Nh5 17. Bg5 Bf6 18. Bh6 Bg7 19. Bg5 Qd7 20. exf5 gxf5 {0-1 Rustemov,A (2525)-Dubov,D (2720) Titled Tuesday intern op 22nd Feb Late blitz 2022 (2)}) 14... Bxf5 15. Nd2 a5 16. b3 (16. Nde4 $14) 16... Qc8 (16... Qd7 $11) 17. Kh2 h6 18. g4 Bd7 (18... Bd3 $14) 19. Nde4 (19. Qc2 {keeps more tension.} Kh7 20. a3 Nf6 21. b4) 19... Nf6 20. Nxf6+ Rxf6 21. Ne4 Nxe4 {[%emt 0:03:12] Black is now going downhill.} 22. Bxe4 Qf8 23. Kg2 g5 24. f3 Qe7 {[%emt 0:03:38] Black is weak on the light squares} 25. a3 Rff8 26. Qd2 Bf6 27. b4 a4 28. Rab1 Rab8 29. Rfc1 Rfd8 30. Qc2 ({Better is} 30. c5 $18) 30... Be8 31. b5 Ra8 32. Rb4 {[%emt 0:00:07] White is much more active. The black rooks are badly placed.} Kg7 (32... Qg7 $16 33. Rf1 (33. Rxa4 Rxa4 34. Qxa4 Bg6 $16) 33... h5) 33. Rxa4 Rxa4 34. Qxa4 Bg6 35. Qc2 Bxe4 36. fxe4 Qe8 37. Rf1 Ra8 38. a4 ({Much weaker is} 38. Qf2 $6 Qg6 $11) 38... Qg6 39. Rf5 h5 (39... Qe8 $142 40. Bd2 Qe7) 40. Qd1 $18 Rh8 41. Bf2 hxg4 42. Qxg4 Qh5 (42... Qe8 $142 43. c5 dxc5) 43. Qxh5 Rxh5 {[%emt 0:00:31][%mdl 4096] Endgame KRB-KRB} 44. Rf3 Rh8 45. Ra3 {[%emt 0:00:00] White is clearly winning.} Ra8 46. Be1 Bd8 47. a5 {[%emt 0:00:00] [#] And now axb6 would win.} bxa5 (47... Rc8 $142 48. a6 Kf6) 48. Rxa5 Rc8 49. Kg3 Kf7 50. Kg4 Ke8 51. Ra7 Kd7 52. Ba5 {[%emt 0:00:00] Weighted Error Value: White=0.11 (very precise) /Black=0.27 (precise)} 1-0

[Event "82nd Italian Championship 2023"]
[Site "Brescia"]
[Date "2023.12.04"]
[Round "6.4"]
[White "Carnicelli, Valerio"]
[Black "Brunello, Sabino"]
[Result "0-1"]
[ECO "C55"]
[WhiteElo "2423"]
[BlackElo "2492"]
[Annotator "RC"]
[PlyCount "62"]
[EventDate "2023.11.28"]
[EventType "tourn"]
[EventCountry "ITA"]
[SourceTitle "playchess.com"]
[Source "ChessBase"]
[SourceQuality "1"]
[TimeControl "40/6000+30:20/3000+30:900+30"]

1. e4 e5 2. Nf3 Nc6 3. Bc4 Nf6 4. d3 Be7 5. O-O O-O 6. Re1 d6 7. a4 a5 8. h3 Be6 9. Nbd2 Nd7 10. Bxe6 fxe6 11. c3 Qe8 12. Nf1 Qg6 13. Be3 b6 14. Ng3 Kh8 15. Rc1 d5 16. b4 Bd6 17. b5 Ne7 18. Rc2 h6 19. Kh2 Rad8 20. Rce2 Rxf3 21. gxf3 Qf7 22. exd5 exd5 23. c4 Ng6 24. Rc2 Nh4 25. Rh1 Nxf3+ 26. Kg2 Nh4+ 27. Kg1 d4 28. Qg4 Nf3+ 29. Kg2 Rf8 30. Bc1 Nc5 31. Rd1 Nxd3 0-1

[Event "82nd Italian Championship 2023"]
[Site "Brescia"]
[Date "2023.12.04"]
[Round "6.5"]
[White "Iermito, Sebastian"]
[Black "Lodici, Lorenzo"]
[Result "0-1"]
[ECO "B13"]
[WhiteElo "2524"]
[BlackElo "2550"]
[Annotator "TA"]
[PlyCount "84"]
[EventDate "2023.11.28"]
[EventType "tourn"]
[EventCountry "ITA"]
[SourceTitle "playchess.com"]
[Source "ChessBase"]
[SourceQuality "1"]
[TimeControl "40/6000+30:20/3000+30:900+30"]

1. e4 c6 2. d4 d5 3. exd5 cxd5 4. Nf3 Nc6 5. Bb5 Bd7 6. c4 {[%emt 0:02:04][%cal Bc2c4,Bc4c5,Bc5b6][%mdl 32] [#] B13: Caro-Kann: Exchange Variation and Panov-Botvinnik Attack.} a6 $146 ({Predecessor:} 6... e6 7. Nc3 Nf6 8. O-O Be7 9. Ne5 dxc4 10. Nxc6 Bxc6 11. Bxc6+ bxc6 12. Qa4 O-O 13. Qxc4 Nd5 14. Qxc6 {1-0 Naroditsky,D (2619)-Mitrabha,G (2505) Titled Tuesday intern op 01st Aug Early blitz 2023 (4)}) 7. Bxc6 Bxc6 8. c5 {[%emt 0:00:20] White is slightly better.} f6 {[%emt 0:04:18][%cal Oe7e5] Black is weak on the dark squares} 9. O-O e6 10. Nc3 a5 11. Re1 Kf7 12. h4 b6 13. cxb6 (13. Qd2 $5 ) 13... Bd6 14. Na4 Bxa4 15. Qxa4 Ne7 16. Qb5 Qe8 17. Qe2 Qd7 18. Bd2 (18. Qd3 $5 ) 18... Rhb8 19. h5 Rxb6 (19... Nf5 {is more complex.} 20. g4 Ne7 21. h6 g5) 20. Bc3 Bb4 21. Qd3 g6 22. Nd2 a4 {[%emt 0:02:55] Repels Nb3} 23. Qh3 g5 24. Qd3 (24. Re2 {keeps more tension.} Rc8 25. Rae1 Rcc6 26. Qd3) 24... Kg7 25. Re2 Rc8 26. Rae1 Rcc6 27. Nf1 Bxc3 (27... Nf5 {is interesting.} 28. Ne3 Nh6 29. g3 Bf8) 28. bxc3 Qc8 29. Qd1 (29. Rc1 $11) 29... a3 $17 30. Nd2 Rxc3 31. Nb3 (31. Nb1 $17 {is a better defense.} Rc7 32. Nxa3) 31... Nf5 $19 32. Qd2 (32. g3 $17) 32... Rbc6 33. Nc5 {[%emt 0:02:32] [#]} Nxd4 $1 {[%emt 0:00:05][%mdl 576] Remove Defender} 34. Qxc3 Nxe2+ (34... Rxc5 $2 35. Qxd4 Rc6 36. Re3 $18) 35. Rxe2 {[%emt 0:00:01][%cal Oe2c2] Strongly threatening Rc2!} Rxc5 36. Qxa3 {[%emt 0:00:03][%cal Oe2e6][%mdl 4096] Endgame KQR-KQR} Rc1+ (36... e5 $19 {aiming for ...d4.} 37. Rb2 Rc7) 37. Kh2 $17 {[%emt 0:00:01] Qe7+ is the strong threat.} Qc7+ 38. g3 e5 39. Qf3 (39. Rb2 $17) 39... d4 40. h6+ $2 (40. Kg2) 40... Kg6 $1 $19 (40... Kxh6 41. Qxf6+ Kh5 42. Re4 Qd7 43. g4+) 41. Re4 $2 (41. Kg2) 41... Qc3 {[%emt 0:05:15] Active counter play!} (41... Kxh6 $2 {is a self mate.} 42. Qxf6+ Kh5 43. g4+ Kh4 44. Qh6#) 42. Qe2 {[%emt 0:01:21] [#]} (42. Qxc3 $19 Rxc3 43. Kg2) 42... Qc2 {[%emt 0:01:17] Weighted Error Value: White=0.43/Black=0.10 (very precise)} (42... d3 $142 43. Qf3 d2 44. Re3 Qc4 45. g4 d1=Q 46. Qf5+ Kf7 47. Qxh7+ Ke6 48. Qf5+ Ke7 49. Rxe5+ fxe5 50. Qxg5+ Kd7 51. Qg7+ Kc6 52. Qf6+ Qd6 53. Qf3+ e4+ {[%mdl 64] Discovered Attack} 54. Qg3 Qxh6+ 55. Qh3 Rh1+ {[%mdl 64] Skewer, Deflection, Back Rank} 56. Kxh1 Qxh3+ 57. Kg1 Qcf1#) 0-1